 Dungeon Crawl Stone Soup version 0.30.0-30-g96aa6591b8 (webtiles) character file.

Game seed: 10123231665157589492

73 rj54x the Chopper (level 4, -8/41 HPs)
             Began as a Hill Orc Berserker on June 30, 2023.
             Was a Believer of Trog.
             Mangled by a sleepcap (18 damage)
             ... on level 4 of the Dungeon.
             The game lasted 00:12:37 (1849 turns).

rj54x the Chopper (Hill Orc Berserker)              Turns: 1849, Time: 00:12:37

Health: -8/41      AC: 10    Str: 21    XL:     4   Next: 27%
Magic:  4/4        EV:  2    Int:  7    God:    Trog [**....]
Gold:   85         SH:  0    Dex: 10    Spells: 3/3 levels left

rFire   . . .        a - +0 hand axe
rCold   . . .        (no shield)
rNeg    . . .        h - +0 chain mail
rPois   .            (no helmet)
rElec   .            (no cloak)
rCorr   .            (no gloves)
SInv    .            q - +0 pair of boots
Will    .....        (no amulet) Stlth
                     (no ring)
HPRegen 0.26/turn    (no ring)
MPRegen 0.09/turn

%: no passive effects
@: sleeping
A: no striking features
a: Renounce Religion, Berserk, Trog's Hand


You were on level 4 of the Dungeon.
You worshipped Trog.
Trog was pleased with you.
You visited 1 branch of the dungeon, and saw 4 of its levels.

You collected 85 gold pieces.

Inventory:

Hand Weapons
 a - a +0 hand axe (weapon)
 o - a +0 hand axe
Missiles
 e - 2 throwing nets (quivered)
 g - 5 poisoned darts
Armour
 b - a +0 animal skin
 d - a +0 robe
 h - a +0 chain mail (worn)
 q - a +0 pair of boots (worn)
Wands
 p - a wand of mindburst (10)
Scrolls
 c - 2 scrolls of amnesia {unknown}
 f - a scroll of teleportation {unknown}
 j - a scroll of torment {unknown}
 l - a scroll of vulnerability {unknown}
 m - a scroll of enchant weapon {unknown}
Potions
 i - a potion of heal wounds
 k - a potion of magic {unknown}
 n - a potion of might {unknown}


   Skills:
 + Level 4.4 Fighting
 + Level 5.2 Axes
 + Level 2.5 Armour
 + Level 1.9 Dodging
 + Level 0.5 Stealth


You had 3 spell levels left.
You didn't know any spells.
Your spell library contained the following spells:

 Spells                   Type           Power      Damage    Failure   Level
 Blink                    Tloc           0%         N/A       99%         2
 Lesser Beckoning         Tloc           0%         N/A       99%         2
 Momentum Strike          Conj/Tloc      0%         3d8       99%         2


Dungeon Overview and Level Annotations

Branches:
Dungeon (4/15)
 Temple: D:4-7

Altars:
Cheibriados
Dithmenos
Hepliaklqana


Message History

An orc comes into view. It is wielding a +0 short sword.
The orc hits you with a +0 mace.
The orc throws a boomerang.
The boomerang completely misses you. The orc barely misses you.
The sleepcap releases spores at you. The orc hits you with a +0 mace.
The sleepcap releases spores at you but does no damage.
The orc attacks as you move away! The orc hits you but does no damage.
The sleepcap releases spores at you but does no damage.
The sleepcap attacks as you move away! The sleepcap releases spores at you.
The orc attacks as you move away! The orc barely misses you.
The sleepcap attacks as you move away!
The sleepcap releases spores at you but does no damage.
The orc attacks as you move away! The orc hits you with a +0 mace.
The orc attacks as you move away! The orc hits you but does no damage.
The orc attacks as you move away! The orc hits you but does no damage.
The sleepcap attacks as you move away! The sleepcap barely misses you.
You barely miss the orc. The orc hits you but does no damage.
You slash the orc!
You kill the orc!
Trog accepts your kill.
You hit the sleepcap but do no damage. The sleepcap releases spores at you.
You are engulfed in a cloud of soporific spores!
You fall asleep.
The sleepcap releases spores at you!
You wake up.
You are engulfed in a cloud of soporific spores!
You are unaffected.
The orc attacks as you move away! The orc closely misses you.
The sleepcap attacks as you move away! The sleepcap releases spores at you.
* * * LOW HITPOINT WARNING * * *
The orc attacks as you move away! The orc hits you with a +0 short sword.
* * * LOW HITPOINT WARNING * * *
The orc hits you but does no damage.
The orc throws a boomerang.
The boomerang barely misses you.
You hit the sleepcap but do no damage. You hit the orc.
The orc hits you but does no damage. The sleepcap releases spores at you.
* * * LOW HITPOINT WARNING * * *
You are engulfed in a cloud of soporific spores!
You fall asleep.
The orc barely misses you. The sleepcap releases spores at you!!
You die...

##.....# ##.....# .
#### #.....##
.##..#####......###
.#....#........##.###
#....##.............#
#...##.............##
#.......#......o....#
#.......#......f@#..#
........)......o.####
............##...###
............##.....##
....................##
...............##....#
.....#..........##.###
.>...#.............#
....>.........<...###


You could see a sleepcap and 2 orcs.

Vanquished Creatures
  2 adders
  A dart slug (D:1)
  5 orcs (D:4)
  2 ball pythons (D:2)
  5 bats
  3 endoplasms
  A giant cockroach (D:1)
  4 goblins
  6 hobgoblins
  3 kobolds (D:2)
  2 quokkas
  10 frilled lizards
  2 rats
46 creatures vanquished.

Notes
Turn   | Place    | Note
-------+----------+-------------------------------------------
     0 | D:1      | rj54x the Hill Orc Berserker began the quest for the Orb.
     0 | D:1      | Reached XP level 1. HP: 19/19 MP: 1/1
   156 | D:1      | Reached XP level 2. HP: 23/27 MP: 2/2
   648 | D:1      | Reached XP level 3. HP: 27/33 MP: 3/3
   726 | D:1      | Reached ** piety under Trog
  1010 | D:2      | Found a hazy altar of Hepliaklqana.
  1207 | D:2      | Reached skill level 5 in Axes
  1330 | D:3      | Found a faded altar of an unknown god.
  1575 | D:3      | Found a shadowy altar of Dithmenos.
  1611 | D:4      | Found a snail-covered altar of Cheibriados.
  1652 | D:4      | Reached XP level 4. HP: 32/41 MP: 4/4
  1849 | D:4      | Mangled by a sleepcap

Illustrated notes

Levels and vault maps discovered:
D:1:      nzn_arrival_depleted_hourglass, layout_basic, kennysheep_minor_cross,
          minmay_lizard_king
D:2:      layout_basic, basic_altar, grunt_decor_fettered,
          minmay_misc_feat_nine_boxes
D:3:      minmay_spotlight, layout_basic, lemuel_round_altar,
          nicolae_ecumenical_oubliette, portal_sewer_entry_a,
          kennysheep_generic_room_4, uniq_terence
D:4:      layout_cave_pools, nicolae_ru_the_path_less_chosen,
          mainiacjoe_overflow_alcove_4, mainiacjoe_overflow_boulevard,
          kennysheep_generic_room_7

Skill      XL: |  1  2  3 |
---------------+----------+-----
Fighting       | 4 |  4.4
Axes           | 5 |  5.2
Armour         | |  2.5
Dodging        | |  1.9
Stealth        | |  0.5

Action                     |  1- 3 |  4- 6 || total
---------------------------+-------+-------++-------
  Melee: Hand axe          |   139 |    28 ||   167
         Punch             |     1 |     1 ||     2
 Armour: Animal skin       |    21 |       ||    21
         Robe              |     4 |       ||     4
         Chain mail        |    29 |    26 ||    55
  Dodge: Dodged            |   100 |    28 ||   128
